TOP OF THE 1ST |
Greensboro Hornets batting - Pitching for Winston-Salem Spirits : LHP Bob Raftice
|
Pitching: LHP Bob Raftice
|
|
Batting: RHB Craig Hendrickson
|
0-0: Ball 1-0: Foul Ball, location: 2F 1-1: Ball 2-1: Ball 3-1: Base on Balls
|
Batting: SHB Mark Bailey
|
0-0: Called Strike 0-1: Ball 1-1: Foul Ball, location: 2F 1-2: Ball 2-2: Ball Craig Hendrickson steals 2nd base 3-2: Foul Ball, location: 2F 3-2: Base on Balls
|
Batting: LHB Preston Cash
|
0-0: Ball 1-0: Foul Ball, location: 2F 1-1: Swinging Strike 1-2: Foul Ball, location: 2F 1-2: Foul Ball, location: 2F 1-2: Ball 2-2: Foul Ball, location: 2F 2-2: Foul Ball, location: 2F 2-2: Strikes out swinging
|
Batting: RHB Greg Jelks
|
0-0: Foul Ball, location: 2F 0-1: Swinging Strike 0-2: Foul Ball, location: 2F 0-2: Ball 1-2: Ball 2-2: Strikes out swinging
|
Batting: RHB Mark Cauley
|
0-0: Ball 1-0: Ball 2-0: Ball 3-0: Base on Balls Craig Hendrickson to third Mark Bailey to second
|
Batting: RHB Bernardo Brito
|
0-0: Foul Ball, location: 2F 0-1: Swinging Strike Passed Ball! Craig Hendrickson scores Mark Bailey to third Mark Cauley to second 0-2: Ball 1-2: Foul Ball, location: 2F 1-2: Ball 2-2: Ground out 5-3 (Groundball, 56, EV 103.1 MPH)
|
Top of the 1st over - 1 run, 0 hits, 0 errors, 2 left on base; Greensboro 1 - Winston-Salem 0 |
BOTTOM OF THE 1ST |
Winston-Salem Spirits batting - Pitching for Greensboro Hornets : RHP Jim Pettibone
|
Pitching: RHP Jim Pettibone
|
|
Batting: LHB Jerome Coleman
|
0-0: Fly out, F9 (Flyball, 9S, EV 86.3 MPH)
|
Batting: SHB Jim Thomas
|
0-0: Ball 1-0: Foul Ball, location: 2F 1-1: Ball 2-1: Foul Ball, location: 2F 2-2: Ground out 6-3 (Groundball, 4M, EV 106.9 MPH)
|
Batting: RHB Gregory Key
|
0-0: Foul Ball, location: 2F 0-1: Called Strike 0-2: Foul Ball, location: 2F 0-2: Fly out, F8 (Flyball, 78S, EV 84.4 MPH)
|
Bottom of the 1st over - 0 runs, 0 hits, 0 errors, 0 left on base; Greensboro 1 - Winston-Salem 0 |
TOP OF THE 2ND |
Greensboro Hornets batting - Pitching for Winston-Salem Spirits : LHP Bob Raftice
|
Batting: LHB Ozzie Guillen
|
0-0: Foul Ball, location: 2F 0-1: SINGLE (Groundball, 56D, EV 105.0 MPH)
|
Batting: LHB Francisco Melendez
|
0-0: SINGLE (Groundball, 4MS, EV 74.4 MPH) (infield hit) Ozzie Guillen to second
|
Batting: RHB John Lohse
|
0-0: Called Strike 0-1: Swinging Strike 0-2: Fly out, F8 (Line Drive, 8LM, EV 107.5 MPH)
|
Batting: RHB Craig Hendrickson
|
0-0: Foul Ball, location: 2F 0-1: Ball 1-1: Grounds into double play, 5-4-3 (Groundball, 5, EV 78.8 MPH)
|
Top of the 2nd over - 0 runs, 2 hits, 0 errors, 1 left on base; Greensboro 1 - Winston-Salem 0 |
BOTTOM OF THE 2ND |
Winston-Salem Spirits batting - Pitching for Greensboro Hornets : RHP Jim Pettibone
|
Batting: SHB Danny Montero
|
0-0: DOUBLE (Flyball, 8RXD, EV 93.8 MPH)
|
Batting: RHB Brad Fischer
|
0-0: TRIPLE (Line Drive, 78XD, EV 100.6 MPH) Danny Montero scores
|
Batting: RHB Bruce Benedict
|
0-0: SINGLE (Line Drive, 9LS, EV 94.4 MPH) Brad Fischer scores
|
Batting: RHB Larry Reasonover
|
0-0: Ball 1-0: Foul Ball, location: 2F 1-1: Ground out 5-3 (Groundball, 56S, EV 68.1 MPH) Bruce Benedict to second
|
Batting: RHB Ell Roberson
|
0-0: Fly out, F9 (Line Drive, 9, EV 85.0 MPH)
|
Batting: RHB Kelly Miller
|
0-0: Ball 1-0: Ground out 6-3 (Groundball, 6M, EV 93.1 MPH)
|
Bottom of the 2nd over - 2 runs, 3 hits, 0 errors, 1 left on base; Greensboro 1 - Winston-Salem 2 |
TOP OF THE 3RD |
Greensboro Hornets batting - Pitching for Winston-Salem Spirits : LHP Bob Raftice
|
Batting: SHB Mark Bailey
|
0-0: Ball 1-0: Foul Ball, location: 2F 1-1: Ball 2-1: Ground out 5-3 (Groundball, 56S, EV 82.5 MPH)
|
Batting: LHB Preston Cash
|
0-0: Called Strike 0-1: Called Strike 0-2: Ball 1-2: Ball 2-2: Strikes out swinging, 2-3 out at first.
|
Batting: RHB Greg Jelks
|
0-0: Swinging Strike 0-1: Fly out, F9 (Flyball, 9LS, EV 85.6 MPH)
|
Top of the 3rd over - 0 runs, 0 hits, 0 errors, 0 left on base; Greensboro 1 - Winston-Salem 2 |
BOTTOM OF THE 3RD |
Winston-Salem Spirits batting - Pitching for Greensboro Hornets : RHP Jim Pettibone
|
Batting: LHB Jerome Coleman
|
0-0: Ball 1-0: Called Strike 1-1: Ball 2-1: Fly out, F9 (Flyball, 89S, EV 80.0 MPH)
|
Batting: SHB Jim Thomas
|
0-0: Fly out, F9 (Flyball, 89M, EV 76.3 MPH)
|
Batting: RHB Gregory Key
|
0-0: Called Strike 0-1: Called Strike 0-2: SOLO HOME RUN (Flyball, 89XD, EV 95.6 MPH), Distance : 424 ft
|
Batting: SHB Danny Montero
|
0-0: Ball 1-0: Fly out, F7 (Flyball, 7D, EV 91.3 MPH)
|
Bottom of the 3rd over - 1 run, 1 hit, 0 errors, 0 left on base; Greensboro 1 - Winston-Salem 3 |
TOP OF THE 4TH |
Greensboro Hornets batting - Pitching for Winston-Salem Spirits : LHP Bob Raftice
|
Batting: RHB Mark Cauley
|
0-0: Swinging Strike 0-1: Foul Ball, location: 2F 0-2: Ball 1-2: Strikes out swinging
|
Batting: RHB Bernardo Brito
|
0-0: Ball 1-0: Foul Ball, location: 2F 1-1: Fly out, F9 (Line Drive, 9, EV 86.3 MPH)
|
Batting: LHB Ozzie Guillen
|
0-0: Foul Ball, location: 2F 0-1: Ground out 4-3 (Groundball, 4, EV 88.1 MPH)
|
Top of the 4th over - 0 runs, 0 hits, 0 errors, 0 left on base; Greensboro 1 - Winston-Salem 3 |
BOTTOM OF THE 4TH |
Winston-Salem Spirits batting - Pitching for Greensboro Hornets : RHP Jim Pettibone
|
Batting: RHB Brad Fischer
|
0-0: Ball 1-0: Called Strike 1-1: DOUBLE (Line Drive, 89D, EV 104.4 MPH)
|
Batting: RHB Bruce Benedict
|
0-0: Swinging Strike 0-1: Ball 1-1: SINGLE (Groundball, 6D, EV 95.0 MPH) Brad Fischer to third
|
Batting: RHB Larry Reasonover
|
0-0: Ball 1-0: Called Strike 1-1: Ball 2-1: Ball 3-1: Called Strike 3-2: Foul Ball, location: 2F 3-2: SINGLE (Groundball, 34D, EV 98.8 MPH) Brad Fischer scores Bruce Benedict to second Runner from 2nd tries for 3rd, SAFE, throw by RF made to third
|
Batting: RHB Ell Roberson
|
0-0: Ball 1-0: Foul Ball, location: 2F 1-1: Ball 2-1: Fly out, F7 (Flyball, 7S, EV 90.6 MPH)
|
Batting: RHB Kelly Miller
|
0-0: Ball 1-0: Called Strike 1-1: Ball 2-1: SINGLE (Groundball, 56D, EV 108.8 MPH) Bruce Benedict scores Larry Reasonover to second
|
Batting: LHB Jerome Coleman
|
0-0: Fielders Choice at 2nd, 6-4 (Groundball, 6, EV 83.1 MPH) Larry Reasonover to third
|
Batting: SHB Jim Thomas
|
0-0: Foul Ball, location: 2F 0-1: Ball 1-1: Swinging Strike 1-2: SINGLE (Groundball, 25, EV 71.3 MPH) (infield hit) Larry Reasonover scores Jerome Coleman to second
|
Pitching: LHP Ken Angulo
|
|
Batting: RHB Gregory Key
|
0-0: Swinging Strike 0-1: Ball 1-1: Foul Ball, location: 2F 1-2: Strikes out swinging
|
Bottom of the 4th over - 3 runs, 5 hits, 0 errors, 2 left on base; Greensboro 1 - Winston-Salem 6 |
TOP OF THE 5TH |
Greensboro Hornets batting - Pitching for Winston-Salem Spirits : LHP Bob Raftice
|
Batting: LHB Francisco Melendez
|
0-0: Ball 1-0: Ball 2-0: Called Strike 2-1: Ball 3-1: Foul Ball, location: 2F 3-2: Foul Ball, location: 2F 3-2: Foul Ball, location: 2F 3-2: Foul Ball, location: 2F 3-2: SINGLE (Flyball, 78S, EV 88.8 MPH)
|
Batting: RHB John Lohse
|
0-0: Ball 1-0: Foul Ball, location: 2F 1-1: Ball 2-1: Ball 3-1: Foul Ball, location: 2F 3-2: Fly out, F9 (Flyball, 89M, EV 85.0 MPH)
|
Batting: RHB Craig Hendrickson
|
0-0: Ball 1-0: Ball 2-0: Called Strike 2-1: Foul Ball, location: 2F 2-2: Ball 3-2: Foul Ball, location: 2F 3-2: Foul Ball, location: 2F 3-2: Fly out, F8 (Flyball, 8LD, EV 103.1 MPH)
|
Batting: SHB Mark Bailey
|
0-0: Ball 1-0: Ball 2-0: Ball 3-0: Base on Balls Francisco Melendez to second
|
Batting: LHB Preston Cash
|
0-0: Ball 1-0: Ball 2-0: Ball 3-0: Base on Balls Francisco Melendez to third Mark Bailey to second
|
Batting: RHB Greg Jelks
|
0-0: Fly out, F8 (Flyball, 8LXD, EV 81.3 MPH)
|
Top of the 5th over - 0 runs, 1 hit, 0 errors, 3 left on base; Greensboro 1 - Winston-Salem 6 |
BOTTOM OF THE 5TH |
Winston-Salem Spirits batting - Pitching for Greensboro Hornets : LHP Ken Angulo
|
Batting: SHB Danny Montero
|
0-0: Called Strike 0-1: Ball 1-1: Foul Ball, location: 2F 1-2: Foul Ball, location: 2F 1-2: Ball 2-2: Fly out, F9 (Flyball, 9, EV 92.5 MPH)
|
Batting: RHB Brad Fischer
|
0-0: Swinging Strike 0-1: Ball 1-1: Foul Ball, location: 2F 1-2: Fly out, F7 (Flyball, 7D, EV 104.4 MPH)
|
Batting: RHB Bruce Benedict
|
0-0: Ball 1-0: Ball 2-0: Foul Ball, location: 2F 2-1: Fly out, F9 (Flyball, 89D, EV 95.0 MPH)
|
Bottom of the 5th over - 0 runs, 0 hits, 0 errors, 0 left on base; Greensboro 1 - Winston-Salem 6 |
TOP OF THE 6TH |
Greensboro Hornets batting - Pitching for Winston-Salem Spirits : LHP Bob Raftice
|
Batting: RHB Mark Cauley
|
0-0: DOUBLE (Flyball, 8LXD, EV 108.1 MPH)
|
Batting: RHB Bernardo Brito
|
0-0: Called Strike 0-1: 2-RUN HOME RUN (Flyball, 7LD, EV 98.8 MPH), Distance : 374 ft
|
Batting: LHB Ozzie Guillen
|
0-0: Ball 1-0: Called Strike 1-1: Foul Ball, location: 2F 1-2: Fly out, F7 (Flyball, 78D, EV 95.6 MPH)
|
Batting: LHB Francisco Melendez
|
0-0: Called Strike 0-1: Foul Ball, location: 2F 0-2: Ball 1-2: Strikes out swinging
|
Batting: RHB John Lohse
|
0-0: Ball 1-0: Called Strike 1-1: Ground out 4-3 (Groundball, 34, EV 88.1 MPH)
|
Top of the 6th over - 2 runs, 2 hits, 0 errors, 0 left on base; Greensboro 3 - Winston-Salem 6 |
BOTTOM OF THE 6TH |
Winston-Salem Spirits batting - Pitching for Greensboro Hornets : LHP Ken Angulo
|
Batting: RHB Larry Reasonover
|
0-0: Foul Ball, location: 2F 0-1: Called Strike 0-2: Strikes out looking
|
Batting: RHB Ell Roberson
|
0-0: Ball 1-0: Called Strike 1-1: Ball 2-1: DOUBLE (Groundball, 5L, EV 98.1 MPH)
|
Batting: RHB Kelly Miller
|
0-0: Called Strike 0-1: Ball 1-1: Ball 2-1: Foul Ball, location: 2F 2-2: Ball 3-2: Base on Balls
|
Batting: LHB Jerome Coleman
|
0-0: Foul Ball, location: 2F 0-1: Ball 1-1: Ball 2-1: Fly out, F6 (Flyball, 5D, EV 95.0 MPH)
|
Batting: SHB Jim Thomas
|
0-0: Swinging Strike 0-1: Foul Ball, location: 2F 0-2: Strikes out swinging
|
Bottom of the 6th over - 0 runs, 1 hit, 0 errors, 2 left on base; Greensboro 3 - Winston-Salem 6 |
TOP OF THE 7TH |
Greensboro Hornets batting - Pitching for Winston-Salem Spirits : LHP Bob Raftice
|
Batting: RHB Craig Hendrickson
|
0-0: SINGLE (Groundball, 6D, EV 106.9 MPH)
|
Batting: SHB Mark Bailey
|
0-0: Called Strike 0-1: Swinging Strike 0-2: Foul Ball, location: 2F 0-2: Foul Ball, location: 2F 0-2: Ball 1-2: Fly out, F4 (Line Drive, 4, EV 66.9 MPH)
|
Batting: LHB Preston Cash
|
0-0: Ball 1-0: Ball 2-0: Called Strike 2-1: Fly out, F8 (Flyball, 8RM, EV 85.0 MPH)
|
Batting: RHB Greg Jelks
|
0-0: Called Strike 0-1: Ball 1-1: Ball 2-1: Swinging Strike 2-2: Fly out, F9 (Line Drive, 9, EV 95.0 MPH)
|
Top of the 7th over - 0 runs, 1 hit, 0 errors, 1 left on base; Greensboro 3 - Winston-Salem 6 |
BOTTOM OF THE 7TH |
Winston-Salem Spirits batting - Pitching for Greensboro Hornets : LHP Ken Angulo
|
Batting: RHB Gregory Key
|
0-0: Ground out 6-3 (Groundball, 6M, EV 81.3 MPH)
|
Batting: SHB Danny Montero
|
0-0: Foul Ball, location: 2F 0-1: Called Strike 0-2: Strikes out swinging, 2-3 out at first.
|
Batting: RHB Brad Fischer
|
0-0: Ball 1-0: Called Strike 1-1: Ball 2-1: Foul Ball, location: 2F 2-2: Foul Ball, location: 2F 2-2: Strikes out looking
|
Bottom of the 7th over - 0 runs, 0 hits, 0 errors, 0 left on base; Greensboro 3 - Winston-Salem 6 |
TOP OF THE 8TH |
Greensboro Hornets batting - Pitching for Winston-Salem Spirits : LHP Bob Raftice
|
Now in RF: Angelo Ross
|
|
Batting: RHB Mark Cauley
|
0-0: Called Strike 0-1: Swinging Strike 0-2: Ball 1-2: Strikes out looking
|
Pitching: RHP David Trout
|
|
Batting: RHB Bernardo Brito
|
0-0: Ball 1-0: Ball 2-0: Ball 3-0: Called Strike 3-1: Base on Balls
|
Batting: LHB Ozzie Guillen
|
0-0: Foul Ball, location: 2F 0-1: Swinging Strike 0-2: Foul Ball, location: 2F 0-2: Ball 1-2: Ball 2-2: Fly out, F8 (Flyball, 8LS, EV 90.6 MPH)
|
Batting: LHB Francisco Melendez
|
0-0: Ball 1-0: Swinging Strike 1-1: Foul Ball, location: 2F 1-2: Strikes out looking
|
Top of the 8th over - 0 runs, 0 hits, 0 errors, 1 left on base; Greensboro 3 - Winston-Salem 6 |
BOTTOM OF THE 8TH |
Winston-Salem Spirits batting - Pitching for Greensboro Hornets : LHP Ken Angulo
|
Batting: RHB Bruce Benedict
|
0-0: Swinging Strike 0-1: Ball 1-1: Ground out 6-3 (Groundball, 56, EV 108.8 MPH)
|
Batting: RHB Larry Reasonover
|
0-0: Foul Ball, location: 2F 0-1: Reached on error, E8 (Line Drive, 8LM, EV 90.0 MPH)
|
Batting: RHB Ell Roberson
|
0-0: Intentional Walk
|
Batting: RHB Kelly Miller
|
0-0: Ball 1-0: Ball 2-0: SINGLE (Groundball, 4M, EV 103.1 MPH) (infield hit) Larry Reasonover to third Ell Roberson to second
|
Batting: RHB Angelo Ross
|
0-0: Grounds into fielders choice 4-2 (Groundball, 4S, EV 69.4 MPH) Ell Roberson to third Kelly Miller to second
|
Batting: SHB Jim Thomas
|
0-0: Ball 1-0: Fly out, F9 (Line Drive, 9, EV 101.3 MPH)
|
Bottom of the 8th over - 0 runs, 1 hit, 1 error, 3 left on base; Greensboro 3 - Winston-Salem 6 |
TOP OF THE 9TH |
Greensboro Hornets batting - Pitching for Winston-Salem Spirits : RHP David Trout
|
Batting: RHB John Lohse
|
0-0: Swinging Strike 0-1: Called Strike 0-2: Ball 1-2: DOUBLE (Groundball, 5L, EV 102.5 MPH)
|
Batting: RHB Craig Hendrickson
|
0-0: Called Strike 0-1: Called Strike 0-2: Ball 1-2: Foul Ball, location: 2F 1-2: Strikes out looking
|
Batting: SHB Mark Bailey
|
0-0: Called Strike 0-1: Ball 1-1: Foul Ball, location: 2F 1-2: Fly out, F5 (Popup, 56S, EV 68.8 MPH)
|
Batting: LHB Preston Cash
|
0-0: Called Strike 0-1: Foul Ball, location: 2F 0-2: Ball 1-2: Ball 2-2: Foul Ball, location: 2F 2-2: Ball 3-2: Ground out 4-3 (Groundball, 4, EV 110.6 MPH)
|
Top of the 9th over - 0 runs, 1 hit, 0 errors, 1 left on base; Greensboro 3 - Winston-Salem 6 |
|